 Dungeon Crawl Stone Soup version 0.32-a0-131-g9dbbe29261 (webtiles) character file.

Game seed: 8556369058595776220

500 Ambrosia the Digger (level 7, -4/45 HPs)
             Began as an Octopode Earth Elementalist on Feb 8, 2024.
             Was an Initiate of Vehumet.
             Slain by a two-headed ogre
             ... wielding a +0 giant club
              (14 damage)
             ... on level 5 of the Dungeon.
             The game lasted 00:05:45 (5590 turns).

Ambrosia the Digger (Octopode Earth Elementalist)   Turns: 5590, Time: 00:05:45

Health: -4/45      AC:  1    Str:  8    XL:     7   Next: 16%
Magic:  3/12       EV: 14    Int: 19    God:    Vehumet [......]
Gold:   184        SH:  5    Dex: 12    Spells: 2/13 levels left

rFire   . . .        l - +1 great sword (flame)
rCold   . . .        (shield currently unavailable)
rNeg    . . .        (helmet restricted)
rPois   .            f - amulet of reflection
rElec   .            (no ring)
rCorr   .            (no ring)
SInv    .            (no ring)
Will    .....        (no ring)
Stlth   +++          (no ring)
HPRegen 0.27/turn    (no ring)
MPRegen 0.13/turn    (no ring)
                     (no ring)

%: reflection
@: no status effects
A: almost no armour, amphibious, 8 rings, camouflage 1, gelatinous body 1,
(nimble swimmer 1), tentacles
a: Renounce Religion


You were on level 5 of the Dungeon.
You worshipped Vehumet.
Vehumet was noncommittal.
You visited 1 branch of the dungeon, and saw 5 of its levels.

You collected 184 gold pieces.

Inventory:

Hand Weapons
 d - a +1 dagger
   (You took it off a kobold on level 1 of the Dungeon)
 l - a +1 great sword of flaming (weapon)
   (You found it on level 4 of the Dungeon)
Missiles
 b - a throwing net {=f, !d}
Magical Staves
 g - a staff of death {rN+}
   (You took it off a goblin on level 2 of the Dungeon)
 k - a staff of cold {rC+}
   (You found it on level 4 of the Dungeon)
Jewellery
 f - an amulet of reflection (around mantle)
   (You found it on level 2 of the Dungeon)
Wands
 j - a wand of roots (10)
   (You found it on level 4 of the Dungeon)
Scrolls
 m - 4 scrolls of identify {@r1}
Potions
 a - a potion of magic
 c - 2 potions of curing {unknown}
 e - 2 potions of haste {unknown}
 h - 2 potions of lignification {unknown}
 i - 3 potions of heal wounds {unknown}


   Skills:
 + Level 2.1 Fighting
 * Level 3.8 Dodging
 - Level 2.6 Stealth
 * Level 3.6 Spellcasting
 * Level 3.4 Conjurations
 * Level 4.5 Earth Magic


You had 2 spell levels left.
You knew the following spells:

 Your Spells              Type           Power      Damage    Failure   Level
a - Sandblast             Erth           40%        2d10      2%          1
f - Brom's Barrelling Bo  Conj/Erth      18%        2d4       28%         4
p - Passwall              Erth           20%        N/A       7%          3
z - Stone Arrow           Conj/Erth      36%        3d9       9%          3

Your spell library contained the following spells:

 Spells                   Type           Power      Damage    Failure   Level
 Apportation              Tloc           6%         N/A       14%         1
 Jinxbite                 Hex            6%         N/A       22%         2
 Dazzling Flash           Conj/Hex       18%        N/A       22%         3
 Mephitic Cloud           Conj/Alch/Air  7%         N/A       26%         3
 Call Canine Familiar     Summ           3%         N/A       38%         3
 Sigil of Binding         Hex            3%         N/A       38%         3
 Petrify                  Alch/Erth      12%        N/A       50%         4
 Dimensional Bullseye     Hex/Tloc       1%         N/A       80%         4
 Borgnjor's Vile Clutch   Necr/Erth      6%         N/A       83%         5
 Alistair's Intoxication  Alch           2%         N/A       98%         5
 Curse of Agony           Necr           3%         N/A       98%         5
 Silence                  Hex/Air        1%         N/A       98%         5
 Eringya's Noxious Bog    Alch           1%         4d6       100%        6


Dungeon Overview and Level Annotations

Branches:
Dungeon (5/15) Zot: 24335  Temple (0/1) D:4

Altars:
Elyvilon
Okawaru
Vehumet
The Shining One

Annotations:
D:3 2 transporters


Innate Abilities, Weirdness & Mutations

You cannot wear most types of armour.
You are amphibious.
You can wear up to eight rings at the same time.
Your skin changes colour to match your surroundings (Stealth+).
Your rubbery body absorbs attacks. (AC +1, EV +1)
((You are camouflaged when in or above water. (Stealth+)))
You have tentacles for arms and can constrict up to eight enemies at once.


Message History

Found an iron altar of Okawaru.
n - a scroll labelled VUEPHE IWIAPLENYUS
As you read the scroll labelled VUEPHE IWIAPLENYUS, it crumbles to dust.
You assume a fearsome visage.
Nothing appears to happen.
It was a scroll of fear.
No target in view!
Things that are here:
a +0 whip; a gnoll corpse
Found a stone staircase leading down.
No target in view!
A white imp comes into view.
A white imp is nearby!
You can't see any susceptible monsters within range! (Use Z to cast anyway.)
You can't see any susceptible monsters within range! (Use Z to cast anyway.)
A white imp is nearby!
The blast of sand hits the white imp but does no damage.
The white imp gestures at you. The puff of frost hits you!
You take 9 damage, and have 36/45 hp.
You now have 11/12 mp.
The blast of sand hits the white imp but does no damage.
You now have 10/12 mp.
The blast of sand hits the white imp.
The white imp gestures at you. The puff of frost misses you.
The white imp closely misses you.
You now have 9/12 mp.
The blast of sand hits the white imp.
The white imp hits you. The white imp freezes you.
You take 4 damage, and have 32/45 hp.
You now have 8/12 mp.
You are too injured to fight recklessly!
You are too injured to fight recklessly!
You are too injured to fight recklessly!
You are too injured to fight recklessly!
You are too injured to fight recklessly!
You are too injured to fight recklessly!
You are too injured to fight recklessly!
A white imp is nearby!
Aiming: Sandblast (safe; 2% risk of failure)
Press: ? - help, Q - select action, (/) - cycle Shift-Dir - straight line, f/p - white imp
Aim: a white imp (almost dead, 83% to hit)
The blast of sand hits the white imp.
You kill the white imp!
Vehumet accepts your kill.
You are too injured to fight recklessly!
You see here a +3 spear.
Health restored: 45; MP restored: 12 No target in view!
An adder comes into view.
The adder hisses angrily.
An adder is nearby!
The blast of sand hits the adder but does no damage.
You now have 11/12 mp.
The adder closely misses you.
An adder is nearby!
The blast of sand hits the adder!
The adder bites you. You block the adder's attack.
You take 1 damage, and have 44/45 hp.
You now have 10/12 mp.
The blast of sand hits the adder.
You kill the adder!
Vehumet accepts your kill.
You now have 9/12 mp.
No target in view!
n - a scroll labelled UJITTO FONA Health restored: 45; MP restored: 12 No target in view!
A two-headed ogre comes into view.
It is wielding a +0 giant club and a +0 giant spiked club.
A two-headed ogre is nearby!
The stone arrow hits the two-headed ogre!
The two-headed ogre shouts in stereo!
You now have 9/12 mp.
The stone arrow hits the two-headed ogre!
You now have 6/12 mp.
The stone arrow hits the two-headed ogre!
You now have 3/12 mp.
Aiming: Sandblast (safe; 2% risk of failure)
Press: ? - help, Q - select action, (/) - cycle Shift-Dir - straight line, f/p - two-headed ogre
Aim: a two-headed ogre, wielding a +0 giant club and a +0 giant spiked club (severely wounded, 92% to hit)
Okay, then.
Casting: Sandblast (safe; 2% risk of failure)
Aiming: Passwall (dangerous; 7% risk of failure)
Press: ? - help, Dir - move target, p - two-headed ogre A rock wall.
You miscast Passwall.
You are very lightly contaminated with residual magic.
Nothing appears to happen.
The two-headed ogre hits you with a +0 giant club!
The two-headed ogre hits you with a +0 giant spiked club!!
Ouch! That really hurt!
* * * LOW HITPOINT WARNING * * *
You take 42 damage, and have 3/45 hp.
MASSIVE DAMAGE!!
You now have 0/12 mp.
Unknown command.
Okay, then.
As you read the scroll labelled UJITTO FONA, it crumbles to dust.
It is a scroll of enchant armour.
You aren't carrying any armour which can be enchanted further.
The two-headed ogre misses you. x2
Okay, then.
Your magical contamination has completely faded away.
The two-headed ogre attacks as it pursues you!
The two-headed ogre hits you with a +0 giant club!
You die...

#.######. ....# ...
....# #.# ....# #.# #.
....# ###.## ...
....#### #....# ....
.......# #....# .....
..####.#####....##......
### #.........O@.......
.......#..######.##.....
.....#...## .## ...
#..[.#..## .# .
##.....## .# ##...## .#
##.## ## ...


You could see a two-headed ogre.

Vanquished Creatures
  A black bear (D:4)
  A howler monkey (D:4)
  3 hounds (D:4 D:5)
  2 orc wizards (D:3 D:4)
  Natasha (D:3)
  3 gnolls (D:5)
  7 adders (D:2 D:3 D:4 D:5)
  A white imp (D:5)
  A ribbon worm (D:3)
  A dart slug (D:2)
  19 orcs (D:3 D:4)
  7 endoplasms (D:1 D:3 D:4)
  4 giant cockroaches (D:1 D:2 D:4)
  6 goblins (D:1 D:2 D:4)
  10 hobgoblins (D:1 D:2 D:3 D:4)
  3 quokkas (D:1 D:2 D:3)
  5 ball pythons (D:2 D:3)
  7 bats (D:1 D:2 D:3)
  3 frilled lizards (D:2 D:3)
  5 kobolds (D:1 D:2 D:3 D:4)
  4 rats (D:1 D:2 D:3)
94 creatures vanquished.

Notes
Turn   | Place    | Note
-------+----------+-------------------------------------------
     0 | D:1      | Ambrosia the Octopode Earth Elementalist began the quest
                  | for the Orb.
     0 | D:1      | Reached XP level 1. HP: 11/11 MP: 3/3
   193 | D:1      | Reached XP level 2. HP: 17/17 MP: 0/5
  1107 | D:2      | Reached XP level 3. HP: 22/22 MP: 2/6
  1363 | D:2      | Learned a level 3 spell: Stone Arrow
  1380 | D:2      | Reached XP level 4. HP: 27/27 MP: 4/7
  1604 | D:2      | Reached skill level 1 in Fighting
  1698 | D:2      | Found a white marble altar of Elyvilon.
  1700 | D:2      | Reached skill level 2 in Conjurations
  2066 | D:3      | Found a transporter.
  2111 | D:3      | Learned a level 4 spell: Brom's Barrelling Boulder
  2182 | D:3      | Found a transporter.
  2201 | D:3      | HP: 13/28 [orc/+0 whip (5)]
  2361 | D:3      | Reached XP level 5. HP: 21/33 MP: 1/9
  2788 | D:3      | Found a glowing golden altar of the Shining One.
  3138 | D:3      | Found a radiant altar of Vehumet.
  3225 | D:3      | Became a worshipper of Vehumet
  3293 | D:3      | Noticed Natasha
  3295 | D:3      | Killed Natasha
  3296 | D:3      | Reached skill level 3 in Dodging
  3296 | D:3      | Reached skill level 3 in Spellcasting
  3716 | D:4      | Found a staircase to the Ecumenical Temple.
  3743 | D:4      | Reached skill level 4 in Earth Magic
  3745 | D:4      | Reached XP level 6. HP: 35/38 MP: 2/10
  4225 | D:4      | Noticed a black bear
  4231 | D:4      | Killed a black bear
  4232 | D:4      | Reached skill level 3 in Conjurations
  5144 | D:4      | Learned a level 3 spell: Passwall
  5158 | D:5      | Entered Level 5 of the Dungeon
  5172 | D:5      | Reached skill level 2 in Fighting
  5173 | D:5      | Reached XP level 7. HP: 45/45 MP: 2/12
  5354 | D:5      | Found an iron altar of Okawaru.
  5559 | D:5      | Noticed a two-headed ogre
  5564 | D:5      | HP: 3/45 [two-headed ogre/+0 giant club (33)]
  5590 | D:5      | Slain by a two-headed ogre

Illustrated notes

Levels and vault maps discovered:
D:1:      minmay_arrival_four_circles, layout_basic, minmay_door_square,
          kennysheep_doodads
D:2:      layout_loops_ring, basic_altar
D:3:      gammafunk_steamed_eel, layout_basic, nicolae_tso_carved_into_rock,
          nicolae_vehumet_radiance, minmay_quantized, uniq_natasha
D:4:      layout_basic, minmay_temple_entry_grid
D:5:      layout_basic, okawaru_ov_weapons_minmay, minmay_parallelograms,
          nicolae_nh_oracle_at_delphi

Skill      XL: |  1  2  3  4  5  6 |
---------------+-------------------+-----
Fighting       | 1 2 |  2.1
Conjurations   | 2 3 |  3.4
Dodging        | 3 |  3.8
Spellcasting   | 3 |  3.6
Earth Magic    | 4 |  4.5
Stealth        | |  2.6

Action                     |  1- 3 |  4- 6 |  7- 9 || total
---------------------------+-------+-------+-------++-------
  Melee: Unarmed           |     4 |       |       ||     4
         Tentacles         |     2 |     6 |       ||     8
         Dagger            |     1 |    14 |       ||    15
         Constrict         |     1 |     4 |       ||     5
         Punch             |       |     2 |       ||     2
         Great sword       |       |     5 |       ||     5
   Cast: Sandblast         |    34 |    93 |    16 ||   143
         Stone Arrow       |       |    14 |     3 ||    17
         Passwall          |       |       |     1 ||     1
  Evoke: Wand              |       |     1 |       ||     1
    Use: Scroll            |     6 |     2 |     2 ||    10
 Armour: Skin              |     3 |    30 |    11 ||    44
  Dodge: Dodged            |    10 |    28 |    11 ||    49
  Block: Other             |       |     8 |     7 ||    15
         Reflection        |       |     1 |       ||     1

Table legend: (Time is in decaauts)
 A = Elapsed time spent in this place.
 B = Non-inter-level travel time spent in this place.
 C = Inter-level travel time spent in this place.
 D = Time resting spent in this place.
 E = Time spent auto-exploring this place.
 F = Levels seen in this place.
 G = Mean time per level.
                   A        B        C        D        E       F      G
               +--------+--------+--------+--------+--------+-----+--------+
         Total |   5664 |   5564 |    100 |    466 |   4439 |   5 | 1132.8 |
       Dungeon |   5664 |   5564 |    100 |    466 |   4439 |   5 | 1132.8 |
               +--------+--------+--------+--------+--------+-----+--------+

Top non-repeatable levels by time:
     D:3: 1632 daAuts
     D:4: 1582 daAuts
     D:1: 1082 daAuts
     D:2: 1007 daAuts
     D:5: 360 daAuts

Levels and vault maps discovered:
D:1:      minmay_arrival_four_circles, layout_basic, minmay_door_square,
          kennysheep_doodads
D:2:      layout_loops_ring, basic_altar
D:3:      gammafunk_steamed_eel, layout_basic, nicolae_tso_carved_into_rock,
          nicolae_vehumet_radiance, minmay_quantized, uniq_natasha
D:4:      layout_basic, minmay_temple_entry_grid
D:5:      layout_basic, okawaru_ov_weapons_minmay, minmay_parallelograms,
          nicolae_nh_oracle_at_delphi

Table legend: (Time is in decaauts)
 A = Elapsed time spent in this place.
 B = Non-inter-level travel time spent in this place.
 C = Inter-level travel time spent in this place.
 D = Time resting spent in this place.
 E = Time spent auto-exploring this place.
 F = Levels seen in this place.
 G = Mean time per level.
                   A        B        C        D        E       F      G
               +--------+--------+--------+--------+--------+-----+--------+
         Total |   5664 |   5564 |    100 |    466 |   4439 |   5 | 1132.8 |
       Dungeon |   5664 |   5564 |    100 |    466 |   4439 |   5 | 1132.8 |
               +--------+--------+--------+--------+--------+-----+--------+

Top non-repeatable levels by time:
     D:3: 1632 daAuts
     D:4: 1582 daAuts
     D:1: 1082 daAuts
     D:2: 1007 daAuts
     D:5: 360 daAuts

Table legend:
 A = Kills in this place as a percentage of kills in the entire game.
 B = Kills by you in this place as a percentage of kills by you in the entire game.
 C = Kills by friends in this place as a percentage of kills by friends in the entire game.
 D = Other kills in this place as a percentage of other kills in the entire game.
 E = Experience gained in this place as a percentage of experience gained in the entire game.
 F = Experience gained in this place divided by the number of levels of this place that you have seen.
                   A       B       C       D       E      F
               +-------+-------+-------+-------+-------+----------------------
         Total | 100.0 | 100.0 |   N/A |   N/A | 100.0 | 143.0
       Dungeon | 100.0 | 100.0 |   N/A |   N/A | 100.0 | 143.0
               +-------+-------+-------+-------+-------+----------------------
